 Dungeon Crawl Stone Soup version 0.23-a0-584-g44dd78f (webtiles) character file.

1332 nikopol the Cleaver (level 8, 0/70 HPs)
             Began as a Minotaur Berserker on Dec 17, 2018.
             Was an Elder of Trog.
             Succumbed to a water moccasin's poison
             ... on level 6 of the Dungeon.
             The game lasted 00:06:19 (4029 turns).

nikopol the Cleaver (Minotaur Berserker)            Turns: 4029, Time: 00:06:20

Health: 0/70       AC:  8    Str: 24    XL:     8   Next: 34%
Magic:  7/7        EV: 11    Int:  4    God:    Trog [****..]
Gold:   216        SH:  0    Dex: 10    Spells: 7/7 levels left

rFire    . . .     SeeInvis .   a - +0 hand axe
rCold    . . .     Gourm    .   (no shield)
rNeg     . . .     Faith    .   z - +0 scale mail
rPois    .         Spirit   .   (helmet restricted)
rElec    .         Reflect  .   x - +0 cloak
rCorr    .         Harm     .   (no gloves)
MR       .....                  (no boots)
Stlth    ..........             (no amulet)
HPRegen  0.21/turn              (no ring)
MPRegen  0.10/turn              (no ring)

@: lethally poisoned (0 -> -20), berserk cooldown, slowed, very slow
A: retaliatory headbutt, horns 2
a: Berserk, Trog's Hand, Brothers in Arms, Renounce Religion


You were on level 6 of the Dungeon.
You worshipped Trog.
Trog was greatly pleased with you.
You were near starving.

You visited 1 branch of the dungeon, and saw 6 of its levels.

You collected 216 gold pieces.

Inventory:

Hand Weapons
 a - a +0 hand axe (weapon)
Missiles
 e - 77 arrows
Armour
 b - a +0 animal skin
 i - a +0 ring mail
 x - a +0 cloak (worn)
 z - a +0 scale mail (worn)
Jewellery
 o - an uncursed ring of protection from magic {unknown}
Wands
 w - a wand of digging (5)
 y - a wand of flame (23)
Scrolls
 d - 5 scrolls of identify
 f - a scroll of immolation {unknown}
 g - 3 scrolls of teleportation {unknown}
 j - a scroll of fog {unknown}
 k - a scroll of blinking {unknown}
 l - a scroll of magic mapping {unknown}
 n - 2 scrolls of amnesia {unknown}
 r - a scroll of remove curse {unknown}
 t - a scroll of enchant armour {unknown}
Potions
 h - 2 potions of magic
 m - a potion of flight
 p - 2 potions of brilliance
 q - a potion of haste {unknown}
 s - a potion of resistance {unknown}
 u - a potion of cancellation {unknown}
 v - a potion of lignification {unknown}
 A - a potion of curing {unknown}
Comestibles
 c - 5 rations


   Skills:
 + Level 5.7 Fighting
 * Level 9.3 Axes
 + Level 6.1 Armour
 + Level 4.2 Dodging
 + Level 1.5 Stealth


You had 7 spell levels left.
You didn't know any spells.
Your spell library was empty.

Dungeon Overview and Level Annotations

Branches:
Dungeon (6/15)             Temple (0/1) D:6

Altars:
Elyvilon
Trog
Xom
Yredelemnul

Shops:
D:4 :


Innate Abilities, Weirdness & Mutations

You reflexively headbutt those who attack you in melee.
You have a pair of horns on your head.


Message History

You see here 7 gold pieces.
You now have 216 gold pieces (gained 7).
You feel a strong urge to attack something.
You are no longer berserk.
You are exhausted.
You feel yourself slow down.
* * * LOW HITPOINT WARNING * * *
You feel sick.
As you read the scroll labeled KEYPSOHUATT, it crumbles to dust.
It is a scroll of identify.
h - 2 potions of magic
* * * LOW HITPOINT WARNING * * *
You feel very sick.
As you read the scroll of identify, it crumbles to dust.
p - 2 potions of brilliance
* * * LOW HITPOINT WARNING * * *
You feel very sick.
As you read the scroll of identify, it crumbles to dust.
m - a potion of flight You die...

. ## $. # ..#.# #≈
.#.## .#≈≈ .#..#
#≈≈≈≈###...#
≈≈≈≈≈≈.....#
≈≈≈≈≈≈.@...#
#≈≈≈≈###†..# .
.#≈≈#...#.##### .⌠
#≈≈#.⌠.#.....##
..#≈≈#...#..._..#...
##≈..≈###............
............######..#
########.......# .#
..........#......#


There were no monsters in sight!

Vanquished Creatures
  Grinder (D:5)
  A hungry ghost (D:4)
  A water moccasin (D:6)
  A black bear (D:5)
  An ogre (D:4)
  A centaur (D:5)
  2 crimson imps
  A centaur zombie (D:6)
  3 jellies
  Crazy Yiuf (D:5)
  An orc priest (D:5)
  2 orc wizards
  Jessica (D:3)
  5 worker ants
  Robin (D:3)
  9 adders
  2 dart slugs
  3 leopard geckos
  13 orcs
  4 giant cockroaches
  19 goblins
  8 hobgoblins
  2 jackals (D:1)
  5 kobolds
  A quokka (D:2)
  3 ball pythons
  11 bats
  2 frilled lizards
  A leopard gecko zombie (D:5)
  A quokka zombie (D:5)
  7 rats
114 creatures vanquished.

Notes
Turn   | Place    | Note
-------+----------+-------------------------------------------
     0 | D:1      | nikopol the Minotaur Berserker began the quest for the Orb.
     0 | D:1      | Reached XP level 1. HP: 19/19 MP: 0/0
   305 | D:1      | Reached skill level 4 in Axes
   305 | D:1      | Reached XP level 2. HP: 24/27 MP: 1/1
   759 | D:2      | Reached XP level 3. HP: 25/33 MP: 2/2
   968 | D:2      | Reached ** piety under Trog
  1020 | D:2      | Reached skill level 5 in Axes
  1076 | D:2      | Reached XP level 4. HP: 37/40 MP: 3/3
  1244 | D:2      | Found a white marble altar of Elyvilon.
  1246 | D:2      | Found a sacrificial altar of Ru.
  1246 | D:2      | Found a white marble altar of Elyvilon.
  1250 | D:2      | Found a shimmering altar of Xom.
  1250 | D:2      | Found a basalt altar of Yredelemnul.
  1250 | D:2      | Found a shimmering altar of Xom.
  1433 | D:3      | Noticed Jessica
  1446 | D:3      | Killed Jessica
  1503 | D:3      | Reached XP level 5. HP: 47/47 MP: 4/4
  1590 | D:3      | Found a faded altar of an unknown god.
  1826 | D:3      | Noticed Robin
  1833 | D:3      | Reached *** piety under Trog
  1837 | D:3      | Killed Robin
  1905 | D:4      | Noticed a hungry ghost
  1915 | D:4      | Killed a hungry ghost
  1915 | D:4      | Reached skill level 6 in Axes
  1915 | D:4      | Reached XP level 6. HP: 53/53 MP: 5/5
  1979 | D:4      | Reached skill level 7 in Axes
  2249 | D:4      | Found Govouvo's Book Emporium.
  2708 | D:5      | Entered Level 5 of the Dungeon
  2907 | D:5      | Reached XP level 7. HP: 59/60 MP: 6/6
  2919 | D:5      | Reached skill level 5 in Fighting
  2919 | D:5      | Reached skill level 1 in Stealth
  3102 | D:5      | Noticed Grinder
  3113 | D:5      | Killed Grinder
  3113 | D:5      | Reached skill level 8 in Axes
  3113 | D:5      | Reached skill level 5 in Armour
  3532 | D:5      | Found a runed door.
  3547 | D:5      | Noticed Crazy Yiuf
  3550 | D:5      | Killed Crazy Yiuf
  3700 | D:5      | Reached XP level 8. HP: 69/69 MP: 7/7
  3961 | D:6      | Reached skill level 9 in Axes
  3971 | D:6      | Found a staircase to the Ecumenical Temple.
  3992 | D:6      | Found a bloodstained altar of Trog.
  3996 | D:6      | Reached **** piety under Trog
  4028 | D:6      | HP: 2/70 [poisoned by a water moccasin]
  4029 | D:6      | Succumbed to a water moccasin's poison

Vault maps used:
D:1:      dpeg_arrival_erosion, chequers_serial_rivers_micro_d,
          grunt_decor_clamped
D:2:      amethyst_killhole, minmay_strange_pillars, doesnt_xom_only_xom
D:3:      first_ration, chequers_ecumenical_altar_island, uniq_jessica,
          uniq_robin
D:4:      serial_shops, shop
D:5:      uniq_grinder, uniq_crazy_yiuf_cottage
D:6:      temple_green, fountainhead, bloody_trog

Skill      XL: |  1  2  3  4  5  6  7  8 |
---------------+-------------------------+-----
Axes           | 4 5 6 7 8 9 |  9.3
Fighting       | 4 5 |  5.7
Dodging        | 3 4 |  4.2
Armour         | 3 4 5 6 |  6.1
Stealth        | 1 |  1.5

Action                   |  1- 3 |  4- 6 |  7- 9 || total
-------------------------+-------+-------+-------++-------
Melee: Hand axe          |    80 |    97 |   100 ||   277
       Headbutt          |    13 |    17 |    21 ||    51
Invok: Berserk           |       |     3 |     3 ||     6
  Use: Scroll            |       |       |     3 ||     3
 Stab: Sleeping          |     1 |       |       ||     1
  Eat: Chunk             |     1 |     8 |     5 ||    14
Armor: Animal skin       |    17 |       |       ||    17
       Ring mail         |     3 |    40 |    21 ||    64
       Scale mail        |       |       |     6 ||     6
Dodge: Dodged            |    57 |    58 |    43 ||   158

Table legend:
 A = Non-vault XP
 B = Vault XP
 C = Vault XP percentage of total XP
 D = Non-vault monster count
 E = Vault monster count
 F = Vault count percentage of total count
                 A         B        C        D         E       F
            +---------+---------+-------+---------+---------+-------
      Total |    1525 |     379 |  19.9 |     100 |      14 |  12.3
            +---------+---------+-------+---------+---------+-------
        D:1 |      35 |       0 |   0.0 |      21 |       0 |   0.0
        D:2 |      87 |       0 |   0.0 |      25 |       0 |   0.0
        D:3 |      68 |      71 |  51.1 |      16 |      12 |  42.9
        D:4 |     381 |       0 |   0.0 |       6 |       0 |   0.0
        D:5 |     525 |     308 |  37.0 |      21 |       2 |   8.7
        D:6 |     429 |       0 |   0.0 |      11 |       0 |   0.0
            +---------+---------+-------+---------+---------+-------
